 Dungeon Sprint DCSS version 0.19-a0-188-ga21aea4 (webtiles) character file.

438 Kidiri the Fighter (level 7, 0/69 HPs)
             Began as a Hill Orc Fighter on May 23, 2016.
             Slain by a slime creature (3 damage)
             ... in the Dungeon (Sprint I: "Red Sonja").
             The game lasted 00:02:16 (705 turns).

Kidiri the Fighter (Hill Orc Fighter)                Turns: 705, Time: 00:02:17

Health: 0/69       AC:  7    Str: 21    XL:     7   Next: 1%
Magic:  7/7        EV: 12    Int:  8    God:
Gold:   332        SH: 11    Dex: 10    Spells: 0 memorised, 6 levels left

rFire  . . .     SeeInvis .     a - +0 long sword
rCold  + . .     Gourm    .     m - +3 leather armour {rC+}
rNeg   . . .     Faith    .     c - +0 shield
rPois  .         Spirit   .     (no helmet)
rElec  .         Dismiss  .     (no cloak)
rCorr  .         Reflect  .     (no gloves)
SustAt .         Harm     .     (no boots)
MR     .....     NoTele   +     (no amulet)
Stlth  +.........               (no ring)
                                (no ring)

@: not resistant to hostile enchantments, very unstealthy
A: no striking features
a: no special abilities


You were in the Dungeon.
You were not hungry.

You visited 1 branch You collected 332 gold pieces.

Inventory:

Hand Weapons
 a - a +0 long sword (weapon)
Armour
 b - a +0 scale mail
 c - a +0 shield (worn)
 m - a +3 leather armour of cold resistance (worn)
Scrolls
 k - a scroll of blinking
Potions
 i - 2 potions of magic
Comestibles
 f - a bread ration


   Skills:
 * Level 8.4 Fighting
 * Level 7.0 Long Blades
 + Level 3.8 Throwing
 * Level 7.4 Armour
 * Level 5.0 Dodging
 * Level 7.4 Shields


You had 6 spell levels left.
You didn't know any spells.

Dungeon Overview and Level Annotations

Branches:
Dungeon (1/1)

Altars:
Cheibriados
Dithmenos
Elyvilon
Fedhas
Gozag
Kikubaaqudgha
Makhleb
Nemelex Xobeh
Okawaru
Pakellas
Qazlal
Ru
Sif Muna
Trog
Vehumet
Xom
Yredelemnul
Zin
The Shining One
Jiyva

Shops:
D :


Message History

The slime creature is heavily wounded.
The slime creature hits you!
You completely miss the slime creature.
The slime creature is heavily wounded.
The slime creature hits you.
You slice the slime creature!!
The slime creature is almost dead.
The slime creature hits you! x2
* * * LOW HITPOINT WARNING * * *
You hit the slime creature.
The slime creature is almost dead.
The slime creature hits you!
* * * LOW HITPOINT WARNING * * *
You slash the slime creature!
The slime creature is almost dead.
You block the slime creature's attack.
Your shield prevents you from hitting the slime creature.
The slime creature is almost dead.
The slime creature hits you.
You die...

###################
#<.#..'..#.)'..#__#
#..'))#..'..#.@'..+
#..#####'#####J#__#
#..####..#...#.####
#..#__####..##.#
#..#_.___##+#..+
#⌠⌠#_.∩...'..._#
####_..._##_.#+#
#_____###+#.#
####### ###


You could see a slime creature.

Vanquished Creatures
  Sigmund (D)
  A yak (D)
  An ogre (D)
  A jelly (D)
  Ijyb (D)
5 creatures vanquished.

Notes
Turn   | Place    | Note
--------------------------------------------------------------
     0 | D        | Kidiri the Hill Orc Fighter began the quest for the Orb.
     0 | D        | Reached XP level 1. HP: 19/19 MP: 1/1
     2 | D        | Noticed Ijyb
    14 | D        | Killed Ijyb
    14 | D        | Reached skill level 4 in Fighting
    14 | D        | Reached skill level 1 in Throwing
    14 | D        | Reached skill level 1 in Dodging
    14 | D        | Reached XP level 2. HP: 25/28 MP: 2/2
    14 | D        | Reached XP level 3. HP: 30/34 MP: 3/3
    47 | D        | Noticed an ogre
    58 | D        | Killed an ogre
    58 | D        | Reached skill level 6 in Fighting
    58 | D        | Reached skill level 5 in Armour
    58 | D        | Reached skill level 5 in Shields
    58 | D        | Reached XP level 4. HP: 44/44 MP: 4/4
    97 | D        | Noticed Sigmund
   109 | D        | Killed Sigmund
   109 | D        | Reached skill level 7 in Fighting
   109 | D        | Reached XP level 5. HP: 15/52 MP: 5/5
   109 | D        | Reached XP level 6. HP: 17/60 MP: 6/6
   323 | D        | Found a deep blue altar of Sif Muna.
   325 | D        | Found a radiant altar of Vehumet.
   368 | D        | Found Maakhoc's Book Emporium.
   368 | D        | Found a white marble altar of Elyvilon.
   368 | D        | Found a stormy altar of Qazlal.
   368 | D        | Found a burning altar of Makhleb.
   368 | D        | Found a sacrificial altar of Ru.
   368 | D        | Found an oddly glowing altar of Pakellas.
   368 | D        | Found a basalt altar of Yredelemnul.
   368 | D        | Found a glowing golden altar of the Shining One.
   368 | D        | Found a sparkling altar of Nemelex Xobeh.
   368 | D        | Found a shimmering altar of Xom.
   368 | D        | Found an opulent altar of Gozag.
   368 | D        | Found an ancient bone altar of Kikubaaqudgha.
   368 | D        | Found a glowing silver altar of Zin.
   368 | D        | Noticed a yak
   377 | D        | Killed a yak
   377 | D        | Reached skill level 8 in Fighting
   377 | D        | Reached skill level 5 in Dodging
   377 | D        | Reached XP level 7. HP: 59/69 MP: 7/7
   379 | D        | Found an iron altar of Okawaru.
   380 | D        | Found a bloodstained altar of Trog.
   398 | D        | Found a snail-covered altar of Cheibriados.
   398 | D        | Found a shadowy altar of Dithmenos.
   398 | D        | Noticed a slime creature
   399 | D        | Found a viscous altar of Jiyva.
   399 | D        | Found a blossoming altar of Fedhas.
   703 | D        | HP: 2/69 [slime creature (14)]
   705 | D        | Slain by a slime creature

Vault maps used:
D:        dungeon_sprint_1

Skill      XL: |  1  2  3  4  5  6 |
---------------+-------------------+-----
Fighting       | 4 6 7 8 |  8.4
Long Blades    | 3 4 6 7 |  7.0
Throwing       | 1 2 3 |  3.8
Armour         | 4 5 6 7 |  7.4
Dodging        | 1 3 4 5 |  5.0
Shields        | 4 5 6 7 |  7.4

Action                   |  1- 3 |  4- 6 |  7- 9 || total
-------------------------+-------+-------+-------++-------
Melee: Long sword        |    19 |    20 |    23 ||    62
  Use: Potion            |     2 |     1 |     2 ||     5
Armor: Scale mail        |     4 |       |       ||     4
       Leather armour    |       |     2 |     5 ||     7
Dodge: Dodged            |     5 |     2 |     3 ||    10
Block: Shield            |     8 |     5 |     8 ||    21
